 Dungeon Crawl Stone Soup version 0.17-a0-469-g696e5a1 (webtiles) character file.

17 Radiman the Digger (level 2, -3/15 HPs)
             Began as a Gargoyle Earth Elementalist on Apr 6, 2015.
             Slain by a quokka (4 damage)
             ... on level 1 of the Dungeon.
             The game lasted 00:04:44 (1118 turns).

Radiman the Digger (Gargoyle Earth Elementalist)    Turns: 1118, Time: 00:04:44

Health: -3/15      AC:  4    Str: 11    XL:     2   Next: 62%
Magic:  0/5        EV: 12    Int: 15    God:
Gold:   35         SH:  0    Dex: 10    Spells: 1 memorised, 4 levels left

rFire  . . .     SeeInvis .     e - +0 mace
rCold  . . .     Clarity  .     c - +0 robe
rNeg   + . .     SustAb   .     (no shield)
rPois  ∞         Gourm    .     (no helmet)
rElec  +         Spirit   .     (no cloak)
rCorr  .         Warding  .     (no gloves)
rMut   .         Stasis   .     (no boots)
MR     .....                    n - amulet of inaccuracy (curse)
Stlth  ++........               (no ring)
                                (no ring)

@: very slightly contaminated, not resistant to hostile enchantments, unstealthy
A: negative energy resistance 1, electricity resistance, unbreathing,
petrification resistance, rot immunity, AC +2
a: no special abilities


You were on level 1 of the Dungeon.
You were very full.

You visited 1 branch of the dungeon, and saw 1 of its levels.

You collected 35 gold pieces.

Inventory:

Hand weapons
 e - a +0 mace (weapon)
Missiles
 b - 48 stones (quivered)
 i - 11 poisoned needles
Armour
 c - a +0 robe (worn)
Jewellery
 f - an uncursed amulet of the gourmand
 n - a cursed amulet of inaccuracy (around neck)
Potions
 j - a potion of agility
 m - a potion of ambrosia {unknown}
Books
 d - a book of Geomancy

   Spells                             Type                      Level
   a - Sandblast                      Earth                        1
   b - Stoneskin                      Transmutation/Earth          2
   c - Passwall                       Transmutation/Earth          3
   d - Stone Arrow                    Conjuration/Earth            3
   e - Petrify                        Transmutation/Earth          4
   f - Lee's Rapid Deconstruction     Earth                        5
Comestibles
 a - 2 bread rations
 l - 2 fruits


   Skills:
 - Level 1.5 Dodging
 - Level 2.1 Stealth
 + Level 2.3 Spellcasting
   Level 0.7 Transmutations
 * Level 4.3 Earth Magic


You had 4 spell levels left.
You knew the following spells:

 Your Spells              Type           Power        Failure   Level  Hunger
a - Sandblast             Erth           ##....       4%          1    #......


Dungeon Overview and Level Annotations

Branches:
Dungeon (1/15)

Altars:


Innate Abilities, Weirdness & Mutations

You are resistant to torment.
Your stone body is resilient (AC +2).
You are immune to poison.
You resist negative energy.
You are resistant to electric shocks.
You can survive without breathing.
You are immune to petrification.
You are immune to rotting.


Message History

The quokka is heavily wounded.
The quokka closely misses you.
You miss the quokka.
The quokka is heavily wounded.
The quokka closely misses you. The quokka completely misses you.
You hit the quokka but do no damage.
The quokka is heavily wounded.
The quokka bites you.
* * * LOW HITPOINT WARNING * * *
The quokka bites you but does no damage.
You barely miss the quokka.
The quokka is heavily wounded.
The quokka bites you but does no damage.
You closely miss the quokka.
The quokka is heavily wounded.
The quokka bites you but does no damage. x2
You closely miss the quokka.
The quokka is heavily wounded.
The quokka barely misses you. The quokka bites you.
You die...

..# # #.......##. ..
#.....##.. #.
####....#... #.
#.........). #.
#.##..#.#... #.
#.#..##.##.. #.
#...##...##.
####.######..##.#.#.##
#...r@..##..##..#.#..#
#.#####.##.##.#.#.# #.
#.##.#.##.#.#. #
#....#.##.#.#.#
#.##.#.#.##.##.#
###....#..##...##.
........#.##..#..##
###.#..##..###..#
#...##..## ##..


You could see a quokka.

Vanquished Creatures
  2 bats (D:1)
  A giant cockroach (D:1)
  4 goblins (D:1)
  A hobgoblin (D:1)
  A giant newt (D:1)
  3 kobolds (D:1)
  5 rats (D:1)
17 creatures vanquished.

Notes
Turn   | Place    | Note
--------------------------------------------------------------
     0 | D:1      | Radiman, the Gargoyle Earth Elementalist, began the quest for the Orb.
     0 | D:1      | Reached XP level 1. HP: 10/10 MP: 3/3
   253 | D:1      | Reached skill level 4 in Earth Magic
   253 | D:1      | Reached XP level 2. HP: 6/15 MP: 5/5
  1118 | D:1      | Slain by a quokka

Action                   || total
-------------------------++-------
Melee: Mace              ||    63
 Cast: Sandblast         ||    14
  Use: Scroll            ||     2
 Stab: Sleeping          ||     1
  Eat: Chunk             ||    12
